 Dungeon Crawl Stone Soup version 0.22.0-6-g71bd7aa (webtiles) character file.

40 drugrobin the Ducker (level 3, 0/15 HPs)
             Began as a Felid Artificer on Aug 16, 2018.
             Slain by a phantom (9 damage)
             ... on level 2 of the Dungeon.
             The game lasted 00:04:21 (1376 turns).

drugrobin the Ducker (Felid Artificer)              Turns: 1376, Time: 00:04:22

Health: 0/15       AC:  1    Str:  8    XL:     3   Next: 30%
Magic:  6/6        EV: 20    Int: 13    God:
Gold:   106        SH:  0    Dex: 16    Spells: 2/2 levels left
                                        Lives:  0   Deaths: 0

rFire    . . .     SeeInvis +     - Unarmed
rCold    . . .     Gourm    .   (shield unavailable)
rNeg     . . .     Faith    .   (armour unavailable)
rPois    .         Spirit   .   (helmet unavailable)
rElec    .         Reflect  .   (cloak unavailable)
rCorr    .         Harm     .   (gloves unavailable)
MR       .....                  (boots unavailable)
Stlth    +++.......             (no amulet)
HPRegen  0.05/turn              (no ring)
MPRegen  0.10/turn              (no ring)

@: quick
A: very small, no armour, no weapons or thrown items, stealth, claws 1, fangs 3,
see invisible, carnivore, speed 1, shaggy fur 1, slow metabolism 1, sharp paws
a: no special abilities


You were on level 2 of the Dungeon.
You were completely stuffed.

You visited 1 branch of the dungeon, and saw 2 of its levels.

You collected 106 gold pieces.

Inventory:

Wands
 a - a wand of flame (5)
 b - a wand of enslavement (12)
 c - a wand of random effects (15)
Scrolls
 f - 3 scrolls of identify
 i - a scroll of fog
Potions
 e - a potion of flight
 h - a potion of curing {unknown}
Comestibles
 d - 4 rations
 j - a chunk of flesh


   Skills:
 + Level 1.1 Fighting
 - Level 4.4 Dodging
 + Level 2.8 Stealth
 - Level 1.0 Unarmed Combat
 - Level 3.2 Evocations


You had 2 spell levels left.
You didn't know any spells.
Your spell library was empty.

Dungeon Overview and Level Annotations

Branches:
Dungeon (2/15)

Altars:


Innate Abilities, Weirdness & Mutations

You cannot wear armour.
You are incapable of wielding weapons or throwing items.
Your paws allow you to move quietly. (Stealth)
You have sharp claws.
You have razor-sharp teeth.
You have supernaturally acute eyesight. (SInv)
You are carnivorous and can eat meat at any time.
You cover ground quickly.
You are covered in fur. (AC +1)
You have a slow metabolism.
Your sharp claws are effective at attacking unaware monsters.


Message History

Evoke which item? (* to show all) (? for menu, Esc to quit)
Aiming: Throw Flame
Press: ? - help, Shift-Dir - straight line, f - phantom
Aim: a phantom (moderately damaged)
The puff of flame misses the phantom.
Evoke which item? (* to show all) (? for menu, Esc to quit)
Aiming: Throw Flame
Press: ? - help, Shift-Dir - straight line, f/p - phantom
Aim: a phantom (moderately damaged)
The puff of flame hits the phantom.
The phantom is moderately damaged.
The phantom blinks!
There is a stone staircase leading up here.
Evoke which item? (* to show all) (? for menu, Esc to quit)
Aiming: Throw Flame
Press: ? - help, Shift-Dir - straight line, f/p - phantom
Aim: a phantom (moderately damaged)
The puff of flame misses the phantom.
The phantom hits you!
Ouch! That really hurt!
You die...

#.###......##...#
#.... #.#
#[.######...# #.###
#.# #......######
#.... #.# ##..§#w#
####### ##### #.#
###w#†# #.....# #
##.## ..#§# #.....# #
#.# #...#
####.###.....########
.. #.w.#
#....#.......'.......
#.##...#
#..W@#.#.....########
..#...#
#......####......#
####.#%..#....######
#.####.#
...#..#.###### #.#
...##.#.##.... #.#
............... #.#
#.####......... ..#
#†# #..#.##### ##
#.####..#.#


You could see a phantom and a worm.

Vanquished Creatures
  An adder (D:2)
  3 leopard geckos
  A giant cockroach (D:1)
  4 goblins
  2 hobgoblins (D:1)
  6 bats
  2 frilled lizards (D:1)
  4 kobolds
  5 rats (D:1)
28 creatures vanquished.

Vanquished Creatures (others)
  A hobgoblin (D:1)
1 creature vanquished.

Grand Total: 29 creatures vanquished

Notes
Turn   | Place    | Note
-------+----------+-------------------------------------------
     0 | D:1      | drugrobin the Felid Artificer began the quest for the Orb.
     0 | D:1      | Reached XP level 1. HP: 9/9 MP: 4/4
    43 | D:1      | Reached skill level 3 in Dodging
   387 | D:1      | Reached XP level 2. HP: 12/12 MP: 5/5
   478 | D:1      | Reached skill level 4 in Dodging
  1204 | D:2      | Reached XP level 3. HP: 15/15 MP: 6/6
  1235 | D:2      | Noticed a phantom
  1376 | D:2      | Slain by a phantom

Skill      XL: |  1  2 |
---------------+-------+-----
Dodging        | 3 4 |  4.4
Stealth        | 2 |  2.8
Fighting       | |  1.1
Unarmed Combat | |  1.0
Evocations     | |  3.2

Action                   || total
-------------------------++-------
Melee: Unarmed           ||    80
       Bite              ||     7
Evoke: Wand              ||    13
  Use: Scroll            ||     6
 Stab: Sleeping          ||     4
  Eat: Chunk             ||     8
Armor: Skin              ||     6
Dodge: Dodged            ||    87
